 Dungeon Crawl Stone Soup version 0.31-a0-210-gccc998df9b (webtiles) character file.

Game seed: 17727091056078388790

200 qw the Shooter (level 5, -4/45 HPs)
             Began as a Minotaur Hexslinger on June 30, 2023.
             Slain by Eustachio
             ... wielding a +0 rapier
              (15 damage)
             ... on level 4 of the Dungeon.
             The game lasted 00:01:05 (3146 turns).

qw the Shooter (Minotaur Hexslinger)                Turns: 3146, Time: 00:01:06

Health: -4/45      AC:  6    Str: 19    XL:     5   Next: 49%
Magic:  5/5        EV: 11    Int: 10    God:
Gold:   142        SH:  0    Dex: 14    Spells: 5/6 levels left

rFire   . . .        Y - +2 sling (chaos)
rCold   . . .        (no shield)
rNeg    + . .        h - +0 ring mail
rPois   .            (helmet restricted)
rElec   .            i - +0 cloak
rCorr   .            (no gloves)
SInv    .            (no boots)
Will    .....        (no amulet)
Stlth   +            f - ring of positive energy
HPRegen 0.27/turn    l - +6 ring of strength
MPRegen 0.09/turn

%: no passive effects
@: about to teleport
A: horns 2, retaliatory headbutt
a: no special abilities


You were on level 4 of the Dungeon.
You visited 1 branch of the dungeon, and saw 4 of its levels.

You collected 142 gold pieces.


Innate Abilities, Weirdness & Mutations

You have a pair of horns on your head.
You reflexively headbutt those who attack you in melee.


   Skills:
 - Level 3.0 Fighting
 + Level 5.3 Ranged Weapons
 - Level 2.1 Armour
 - Level 2.1 Dodging
 - Level 1.0 Spellcasting
 - Level 2.0 Hexes


You had 5 spell levels left.
You knew the following spells:

 Your Spells              Type           Power      Damage    Failure   Level
a - Slow                  Hex            16%        N/A       26%         1

Your spell library contained the following spells:

 Spells                   Type           Power      Damage    Failure   Level
 Inner Flame              Hex/Fire       2%         N/A       75%         3
 Portal Projectile        Hex/Tloc       4%         N/A       75%         3
 Cause Fear               Hex            2%         N/A       94%         4

Inventory:

Hand Weapons
 Y - a +2 sling of chaos (weapon)
Armour
 h - a +0 ring mail (worn)
 i - a +0 cloak (worn)
 j - the +2 leather armour of the Hurricane {rF- rCorr Int+4 Slay+3}
   (You found it on level 4 of the Dungeon)

   Int:       It affects your intelligence (+4).
   Slay:      It affects your accuracy & damage with ranged weapons and melee
   (+3).
   rF:        It makes you vulnerable to fire.
   rCorr:     It protects you from acid and corrosion.
Jewellery
 f - a ring of positive energy (left hand)
 l - a +6 ring of strength (right hand)
Scrolls
 e - a scroll of identify
Potions
 a - a potion of haste {unknown}
 b - a potion of curing
 c - a potion of ambrosia {unknown}
 g - a potion of cancellation
 k - 2 potions of enlightenment
 m - a potion of invisibility {unknown}

Dungeon Overview and Level Annotations

Branches:
Dungeon (4/15)
 Temple: D:4-7

Altars:

Annotations:
D:4 Eustachio


Message History

Eustachio is lightly wounded.
An ogre comes into view. It is wielding a +0 giant club.
You shoot a sling bullet. The sling bullet hits Eustachio.
Eustachio is poisoned.
Eustachio is lightly wounded.
Eustachio hits you with a +0 rapier! The ufetubus hits you.
The ufetubus barely misses you.
You shoot a sling bullet.
The sling bullet barely misses Eustachio.
The ufetubus hits you but does no damage. x2
Eustachio twirls his moustache.
Eustachio hits you with a +0 rapier. The ufetubus hits you.
The ufetubus hits you but does no damage.
You shoot a sling bullet. The sling bullet hits Eustachio.
Eustachio is lightly wounded.
Eustachio barely misses you. The ufetubus barely misses you. x2
You shoot a sling bullet.
The sling bullet closely misses Eustachio.
The ufetubus barely misses you. The ufetubus hits you.
Eustachio hits you with a +0 rapier. The ufetubus closely misses you.
The ufetubus hits you but does no damage.
Eustachio barely misses you.
You shoot a sling bullet.
The sling bullet barely misses Eustachio.
The ufetubus hits you but does no damage.
The ufetubus closely misses you.
The ufetubus hits you but does no damage.
The ufetubus hits you. Eustachio hits you with a +0 rapier!
You shoot a sling bullet.
The sling bullet barely misses Eustachio.
The ufetubus barely misses you.
The ufetubus hits you but does no damage.
The ogre closely misses you. Eustachio barely misses you.
The ufetubus closely misses you. The ufetubus hits you.
3146 ||| READING scroll of teleportation.
As you read the scroll of teleportation, it crumbles to dust.
You feel strangely unstable.
The ufetubus hits you but does no damage.
The ufetubus misses you. Eustachio hits you with a +0 rapier!
You die...

..........
.[........
#...
#+######## .<.
#.###
######..#####.
.....
.............
.....
?.>..#....##
...
#.......... .
#.5O@....#
###.##
#..@######.
......
#..........
####..
#.#.#######
#.#.# ####
#...# ...+
#.### ####
..#.# ...#
+##.#)# ##.###
#.##.#.#


You could see Eustachio (strong, poisoned), an ogre and an ufetubus.

Vanquished Creatures
  Natasha (thrice) (D:2)
  4 adders
  2 worms
  3 dart slugs
  An orc (D:3)
  4 ball pythons
  6 endoplasms
  5 giant cockroaches
  9 goblins
  11 hobgoblins
  3 jackals (D:3)
  A quokka (D:1)
  6 bats
  5 frilled lizards
  5 kobolds
  4 rats
72 creatures vanquished.

Notes
Turn   | Place    | Note
-------+----------+-------------------------------------------
     0 | D:1      | qw the Minotaur Hexslinger began the quest for the Orb.
     0 | D:1      | Reached XP level 1. HP: 16/16 MP: 1/1
     0 | D:1      | 0 ||| qw: Version: 0.3-a-24-ga2abf7b
     0 | D:1      | 0 ||| qw: Game counter: 7112
     0 | D:1      | 0 ||| qw: Melee chars always use a shield: true
     0 | D:1      | 0 ||| qw: God list: Okawaru
     0 | D:1      | 0 ||| qw: Allow faded altars: false
     0 | D:1      | 0 ||| qw: Do Orc after clearing Dungeon:15 true
     0 | D:1      | 0 ||| qw: Do second Lair branch before Depths: true
     0 | D:1      | 0 ||| qw: Lair rune preference: random
     0 | D:1      | 0 ||| qw: Goals: Normal
     0 | D:1      | 0 ||| PLANNING D:1-11
   265 | D:1      | Reached skill level 3 in Ranged Weapons
   389 | D:1      | Reached XP level 2. HP: 23/23 MP: 2/2
   955 | D:1      | 955 ||| UPGRADING to +0 ring mail.
   965 | D:1      | 965 ||| DROPPING +0 robe.
   966 | D:1      | 966 ||| UPGRADING to ring of positive energy.
   967 | D:1      | 967 ||| READING scroll labelled ZOEBAS QEREQ.
   972 | D:1      | 972 ||| READING 3 scrolls labelled DYUHIE BOIF QAOWNO.
   973 | D:1      | 973 ||| READING scroll labelled JOEJ QAMORRATS.
   974 | D:1      | 974 ||| READING scroll labelled MUGOCEALOKK.
   975 | D:1      | 975 ||| DRINKING 3 smoky green potions.
  1080 | D:1      | 1080 ||| READING 2 scrolls of identify.
  1080 | D:1      | 1080 ||| IDENTIFYING amethyst potion
  1081 | D:1      | 1081 ||| DROPPING scroll of poison.
  1082 | D:1      | 1082 ||| DROPPING 2 potions of berserk rage.
  1089 | D:2      | 1089 ||| STAIRDANCE
  1093 | D:1      | HP: 4/24 [worm (9)]
  1098 | D:1      | Reached XP level 3. HP: 7/29 MP: 3/3
  1261 | D:2      | Reached skill level 4 in Ranged Weapons
  1426 | D:2      | Noticed Natasha
  1434 | D:2      | Killed Natasha
  1435 | D:2      | Reached XP level 4. HP: 23/36 MP: 4/4
  1544 | D:2      | Noticed Natasha
  1566 | D:2      | Killed Natasha
  2010 | D:2      | Noticed Natasha
  2015 | D:2      | Killed Natasha
  2016 | D:2      | Reached skill level 5 in Ranged Weapons
  2016 | D:2      | Reached XP level 5. HP: 41/41 MP: 5/5
  2132 | D:2      | 2132 ||| UPGRADING to +0 cloak.
  2137 | D:2      | 2137 ||| READING 2 scrolls labelled KURAYTA JIEMIDD.
  2138 | D:2      | 2138 ||| READING 2 scrolls labelled SIC XIXUES.
  2139 | D:2      | 2139 ||| READING scroll of brand weapon.
  2139 | D:2      | 2139 ||| BRANDING +2 sling of flaming.
  2140 | D:2      | 2140 ||| READING scroll labelled JOEGGA BYENUL.
  2141 | D:2      | 2141 ||| DROPPING scroll of noise.
  2744 | D:3      | Reached skill level 3 in Fighting
  2886 | D:3      | 2886 ||| UPGRADING to +6 ring of strength.
  2887 | D:3      | 2887 ||| READING 2 scrolls labelled COOTZOHIQA.
  2888 | D:3      | 2888 ||| DRINKING 2 emerald potions.
  2889 | D:3      | 2889 ||| DRINKING 2 fizzy silvery potions.
  2890 | D:3      | 2890 ||| DROPPING scroll of vulnerability.
  2945 | D:4      | Identified the +2 leather armour of the Hurricane {rF-
                  | rCorr Int+4 Slay+3}
  3138 | D:4      | Noticed Eustachio
  3139 | D:4      | Noticed an ogre
  3145 | D:4      | HP: 10/45 [ufetubus (3)]
  3146 | D:4      | 3146 ||| READING scroll of teleportation.
  3146 | D:4      | Slain by Eustachio

Levels and vault maps discovered:
D:1:      minmay_arrival_stone_box, layout_basic
D:2:      layout_loops_ring, grunt_ministairs_10,
          chequers_serial_rivers_micro_d, uniq_natasha
D:3:      layout_loops_ring, solitary_fountain, due_unseen_surprise
D:4:      layout_basic, uniq_eustachio

Skill      XL: |  1  2  3  4  5 |
---------------+----------------+-----
Ranged Weapons | 3 4 5 |  5.3
Fighting       | 2 3 |  3.0
Armour         | 2 |  2.1
Dodging        | |  2.1
Spellcasting   | |  1.0
Hexes          | |  2.0

Action                     |  1- 3 |  4- 6 || total
---------------------------+-------+-------++-------
   Fire: Sling             |   109 |   128 ||   237
    Use: Scroll            |     5 |     6 ||    11
         Potion            |     1 |     2 ||     3
 Armour: Robe              |     9 |       ||     9
         Ring mail         |    14 |    23 ||    37
  Dodge: Dodged            |    35 |    36 ||    71

Table legend:
 A = Non-vault XP
 B = Vault XP
 C = Vault XP percentage of total XP
 D = Non-vault monster count
 E = Vault monster count
 F = Vault count percentage of total count
                 A         B        C        D         E       F
            +---------+---------+-------+---------+---------+-------
      Total |     237 |      50 |  17.4 |      69 |       3 |   4.2
            +---------+---------+-------+---------+---------+-------
        D:1 |      40 |       0 |   0.0 |      21 |       0 |   0.0
        D:2 |     127 |      50 |  28.2 |      19 |       3 |  13.6
        D:3 |      55 |       0 |   0.0 |      21 |       0 |   0.0
        D:4 |      15 |       0 |   0.0 |       8 |       0 |   0.0
            +---------+---------+-------+---------+---------+-------
